Map: Tours du crépuscule

Players

zidar - Winner!

  • Race: Zerg Zerg
  • League: Gold
  • Spawn Location: 7:00

Bettyne

  • Race: Zerg Zerg
  • League: Bronze
  • Spawn Location: 1:00

VOD

Have the link to the VOD?

Description

Time

  • Played on: May 20, 2016, 2:41 p.m.
  • Length: 17:54
Show
View Real Time Build Order
Export as new Build Order

zidar Zerg - Winner!

Build Orders: Pool First 

Get SALT Encoding   

  12  0:01  Drone  
  13  0:12  Overlord  
  13  0:17  Drone  
  14  0:32  Drone x2  
  14  0:34  Drone  
  17  0:48  Spawning Pool  
  17  0:50  Drone  
  17  1:14  Hatchery  
  16  1:27  Drone x2  
  18  1:35  Zergling x2  
  18  1:36  Queen  
  21  1:59  Drone  
  21  2:00  Roach Warren  
  21  2:15  Overlord  
  21  2:25  Queen  
  23  2:33  Drone x4  
  27  2:44  Extractor  
  27  2:46  Extractor  
  27  2:51  Drone x3  
  27  3:14  Drone x6  
  33  3:21  Overlord  
  33  3:34  Evolution Chamber  
  32  3:42  Roach x6  
  44  3:54  Overlord  
  44  3:55  Overlord  
  44  3:56  Overlord  
  44  4:01  Zerg Missile Weapons Level 1  
  44  4:25  Roach  
  44  4:26  Roach x5  
  56  4:32  Overlord  
  56  4:44  Ravager  
  57  4:56  Ravager  
  58  5:00  Zergling x10  
  58  5:01  Zergling x8  
  67  5:24  Metabolic Boost  
  67  5:28  Ravager  
  68  5:33  Zergling x2  
  68  5:34  Zergling x10  
  74  5:53  Overlord x2  
  74  5:54  Overlord  
  74  6:16  Roach  
  74  6:17  Roach x10  
  85  7:07  Spore Crawler  
  78  7:08  Spore Crawler  
  78  7:09  Spore Crawler x2  
  78  7:10  Spore Crawler x2  
  78  7:11  Spore Crawler  
  78  7:14  Spore Crawler  
  63  7:17  Spore Crawler x2  
  63  7:18  Spore Crawler  
  50  7:24  Spore Crawler  
  50  7:25  Spore Crawler  
  28  7:48  Zergling x20  
  28  7:51  Lair  
  28  7:58  Queen  
  30  8:36  Drone x4  
  30  8:37  Drone x2  
  30  9:33  Drone x11  
  36  9:54  Zergling x2  
  36  9:55  Zergling x10  
  36  9:58  Queen  
  40  10:02  Overseer  
  40  10:25  Spire  
  39  10:42  Zergling x12  
  40  11:46  Mutalisk x11  
  59  11:59  Extractor  
  59  12:00  Zergling x2  
  59  12:01  Zergling x2  
  60  12:02  Extractor  
  53  12:49  Mutalisk  
  53  12:50  Mutalisk x5  
  55  13:12  Mutalisk x2  
  59  13:23  Zergling x4  
  59  13:24  Zergling x4  
  63  13:39  Mutalisk  
  63  13:41  Zergling x2  
  65  14:23  Zergling x2  
  65  14:24  Zergling x18  
  75  14:54  Mutalisk x4  
  75  14:56  Zergling x8  
  75  14:57  Zergling x2  
  85  15:33  Zergling x2  
  85  15:34  Zergling x10  
  91  15:36  Overlord x5  
  89  16:01  Mutalisk x2  
  89  16:03  Zergling x4  
  89  16:04  Zergling x8  
  82  16:37  Zergling x2  
  82  16:38  Zergling x14  
  89  17:05  Hatchery  
  86  17:13  Hatchery  
Show
View Real Time Build Order
Export as new Build Order

Bettyne Zerg 

Build Orders: Hatch First 

Get SALT Encoding   

  12  0:03  Drone  
  13  0:13  Overlord  
  13  0:17  Drone  
  14  0:45  Hatchery  
  13  1:04  Spawning Pool  
  13  1:09  Drone x2  
  13  1:11  Drone  
  15  1:28  Drone  
  16  1:35  Extractor  
  16  1:37  Extractor  
  16  1:38  Drone  
  15  1:53  Drone x2  
  17  2:03  Drone  
  18  2:11  Zergling x4  
  20  2:25  Lair  
  20  2:32  Drone x4  
  24  2:45  Drone x2  
  24  2:51  Queen  
  26  2:56  Overlord  
  28  3:01  Overlord  
  28  3:15  Drone x3  
  31  3:26  Overlord  
  31  3:27  Overlord x2  
  31  3:42  Drone  
  31  3:46  Spine Crawler  
  31  3:53  Spire  
  30  4:00  Spire  
  30  4:01  Drone x2  
  30  4:02  Drone  
  32  4:06  Drone x2  
  32  4:09  Drone  
  35  4:15  Extractor  
  34  4:18  Extractor  
  34  4:22  Queen  
  35  4:26  Drone x2  
  35  4:28  Drone  
  35  4:30  Drone  
  39  4:33  Drone  
  40  4:45  Drone x3  
  43  5:05  Drone x2  
  43  5:06  Drone  
  46  5:07  Drone  
  47  5:14  Zerg Flyer Weapons Level 1  
  47  5:20  Mutalisk x3  
  53  5:29  Drone  
  53  5:34  Drone  
  55  5:37  Drone x2  
  55  5:38  Drone x3  
  60  6:02  Hatchery  
  59  6:08  Hatchery  
  58  6:15  Mutalisk  
  58  6:16  Mutalisk x3  
  66  6:18  Mutalisk  
  66  6:23  Hatchery  
  47  7:09  Mutalisk x6  
  59  7:21  Spire  
  58  7:24  Drone  
  58  7:43  Lair  
  54  7:48  Drone x2  
  54  7:49  Extractor  
  55  7:51  Extractor  
  54  7:58  Drone x2  
  54  7:59  Drone  
  57  8:32  Spire  
  56  8:44  Drone  
  56  8:45  Drone x7  
  56  8:46  Drone x4  
  36  9:14  Mutalisk x4  
  36  9:15  Mutalisk  
  37  9:33  Drone x2  
  39  9:39  Zerg Flyer Weapons Level 2  
  39  9:59  Drone  
  41  10:00  Drone  
  41  10:10  Drone x3  
  44  10:33  Hatchery  
  43  10:39  Drone x2  
  43  10:41  Extractor  
  44  10:46  Extractor  
  43  10:56  Hatchery  
  42  11:09  Extractor  
  41  11:18  Mutalisk  
  41  11:19  Mutalisk x5  
  41  11:24  Zerg Flyer Armor Level 1  
  47  11:34  Infestation Pit  
  42  11:56  Drone x2  
  42  11:57  Drone  
  45  12:10  Spawning Pool  
  45  12:14  Mutalisk x4  
  52  12:20  Drone  
  37  12:48  Mutalisk  
  37  12:49  Mutalisk x2  
  29  13:21  Mutalisk x2  
  29  13:23  Mutalisk  
  35  13:33  Drone x2  
  35  13:34  Drone  
  38  13:38  Drone x3  
  41  13:46  Mutalisk  
  41  13:47  Mutalisk  
  43  14:24  Spine Crawler  
  43  14:27  Spine Crawler  
  43  14:28  Spore Crawler, Spine Crawler x2  
  43  14:29  Spore Crawler  
  43  14:30  Spore Crawler  
  43  14:31  Spore Crawler x2  
  35  14:33  Spore Crawler  
  35  14:34  Drone x2  
  28  14:40  Drone  
  29  14:53  Drone  
  27  15:19  Drone x2  
  30  15:21  Drone  
  23  16:44  Hatchery  
Tags
 
Add a new tag
Caveats
  • Supply blocks, unpowered buildings, or Contaminate may cause inaccurate times.
  • Supply counts are checked every 10 seconds.